 Dungeon Crawl Stone Soup version 0.31-a0-198-g2ad674f65e (webtiles) character file.

Game seed: 822051329392119950

15162 iguanaiguana the Slicer (level 12, 0/104 HPs)
             Began as a Meteoran Delver on June 25, 2023.
             Was a High Priest of Okawaru.
             Slain by a reaper
             ... wielding a +0 scythe of freezing
              (34 damage)
             ... in an ice cave.
             The game lasted 00:40:19 (5985 turns).

iguanaiguana the Slicer (Meteoran Delver)           Turns: 5985, Time: 00:40:19

Health: 0/104      AC: 15    Str: 15    XL:     12   Next: 90%
Magic:  22/22      EV: 11    Int: 13    God:    Okawaru [*****.]
Gold:   483        SH:  5    Dex: 19    Spells: 11/11 levels left

rFire   + . .        z - +0 great sword
rCold   + + .        (shield currently unavailable)
rNeg    . . .        O - +1 chain mail {rC+}
rPois   .            u - +2 helmet
rElec   .            B - scarf {rC+ rF+}
rCorr   .            W - +2 pair of gloves
SInv    .            (no boots)
Will    +....        E - amulet of reflection Stlth
                     r - +5 ring of evasion
HPRegen 0.37/turn    H - +4 ring of slaying
MPRegen 0.18/turn

%: reflection
@: about to teleport, glowing, constricted
A: sense surroundings 2, otherworldly, glowing, explore regen
a: Renounce Religion, Heroism, Finesse, Duel


You were in an ice cave.
You worshipped Okawaru.
Okawaru was extremely pleased with you.
You visited 2 branches of the dungeon, and saw 12 of its levels.
You also visited: Bailey and Ice Cave.

You collected 483 gold pieces.

Inventory:

Hand Weapons
 a - a +1 rapier
 b - a +0 dagger
 v - a +0 falchion
 z - a +0 great sword (weapon)
 D - a +1 hammer of pain
 S - a +0 scimitar
Missiles
 d - 3 silver javelins
 l - 2 datura-tipped darts
 n - 4 boomerangs (quivered)
Armour
 u - a +2 helmet (worn)
 B - a scarf of resistance (worn)
 O - a +1 chain mail of cold resistance (worn)
 Q - a +2 leather armour of fire resistance
 U - a +1 hat of willpower
 W - a +2 pair of gloves (worn)
Jewellery
 r - a +5 ring of evasion (left hand)
 s - a +5 ring of evasion
 w - a ring of ice
 C - a ring of wizardry
 E - an amulet of reflection (around neck)
 H - a +4 ring of slaying (right hand)
 I - a ring of protection from fire
 K - a ring of ice
Wands
 g - a wand of digging (3) {@v3}
 i - a wand of paralysis (4)
 L - a wand of flame (37)
Scrolls
 c - 2 scrolls of fog
 j - 2 scrolls of amnesia
 k - a scroll of vulnerability
 o - 2 scrolls of blinking {@r4}
 x - 2 scrolls of enchant weapon
 y - a scroll of torment
 A - 2 scrolls of teleportation {@r3}
 G - 2 scrolls of noise {unknown}
 J - a scroll of revelation
 M - 2 scrolls of fear
Potions
 e - a potion of mutation {unknown}
 f - 2 potions of haste {@q4}
 m - 6 potions of enlightenment
 p - a potion of might {@q3}
 q - 3 potions of curing {unknown}
 t - 2 potions of brilliance
 N - 4 potions of invisibility
 P - 2 potions of ambrosia
 R - 2 potions of cancellation {unknown}
 T - a potion of berserk rage {unknown}
 V - a potion of attraction {unknown}


   Skills:
 * Level 9.2 Fighting
 - Level 13.0(13.7) Short Blades
 - Level 7.9(12.0) Long Blades
 + Level 6.1 Throwing
 + Level 0.2 Armour
 - Level 6.0 Dodging
 - Level 3.7 Stealth
 - Level 12.0 Invocations
 - Level 3.0 Evocations


You had 11 spell levels left.
You didn't know any spells.
Your spell library contained the following spells:

 Spells                   Type           Power      Damage    Failure   Level
 Apportation              Tloc           0%         N/A       99%         1
 Freeze                   Ice            0%         1d3       99%         1
 Kiss of Death            Conj/Necr      0%         2d5       99%         1
 Confusing Touch          Hex            0%         N/A       100%        3
 Dazzling Flash           Conj/Hex       0%         N/A       100%        3
 Frozen Ramparts          Ice            0%         1d1       100%        3
 Hailstorm                Conj/Ice       0%         3d3       100%        3
 Dispel Undead            Necr           0%         3d6       100%        4
 Agony                    Necr           0%         N/A       100%        5
 Alistair's Intoxication  Tmut/Pois      0%         N/A       100%        5
 Silence                  Hex/Air        0%         N/A       100%        5


Dungeon Overview and Level Annotations

Branches:
Dungeon (11/15) Zot: 1088  Temple (1/1) D:6 Zot: 549    Lair (0/5) D:9
    Orc (0/2) D:10         Bailey (visited)           IceCv (1/1) Zot: 365

Altars:
Ashenzari
Cheibriados
Dithmenos
Elyvilon
Fedhas
Gozag
Hepliaklqana
Makhleb
Nemelex Xobeh
Okawaru
Qazlal
Ru
Sif Muna
Trog
Uskayaw
Vehumet
Wu Jian
Xom
Yredelemnul
Zin
The Shining One

Annotations:
D:1 exclusion: downstairs
Temple 2 transporters


Innate Abilities, Weirdness & Mutations

You passively map the area around you.
You are easily found by Zot.
You glow in the dark.
You regain HP and MP as you explore.


Message History

The boomerang hits the anaconda simulacrum!
The anaconda simulacrum is moderately damaged.
The anaconda simulacrum attacks as you move away!
An elephant simulacrum comes into view.
The anaconda simulacrum bites you. The anaconda simulacrum freezes you!
You resist. The anaconda simulacrum grabs you.
The anaconda simulacrum bites you! The anaconda simulacrum freezes you!
You resist. The anaconda simulacrum constricts you.
You slash the anaconda simulacrum!
The anaconda simulacrum is almost destroyed.
The anaconda simulacrum constricts you.
You closely miss the anaconda simulacrum.
The anaconda simulacrum is almost destroyed.
The anaconda simulacrum constricts you. x2
A two-headed ogre simulacrum comes into view.
You closely miss the anaconda simulacrum.
The anaconda simulacrum is almost destroyed.
The anaconda simulacrum constricts you. x2
A death yak simulacrum comes into view.
You hit the anaconda simulacrum.
The anaconda simulacrum is almost destroyed.
The anaconda simulacrum bites you. The anaconda simulacrum freezes you.
You resist. The anaconda simulacrum constricts you.
The reaper hits you from afar with a +0 scythe of freezing!
* * * LOW HITPOINT WARNING * * *
The reaper freezes you.
* * * LOW HITPOINT WARNING * * *
The anaconda simulacrum constricts you.
* * * LOW HITPOINT WARNING * * *
As you read the scroll of teleportation {@r3}, it crumbles to dust.
You feel strangely unstable. The anaconda simulacrum bites you.
* * * LOW HITPOINT WARNING * * *
The anaconda simulacrum freezes you! You resist.
* * * LOW HITPOINT WARNING * * *
The anaconda simulacrum constricts you.
* * * LOW HITPOINT WARNING * * *
The reaper hits you from afar with a +0 scythe of freezing!!
You die...

##...## ##..## ##...
##.. ##. * ###### #. * *
##..#.## ## , , ,*
###### ##§.°§..## # *
###ZZ@.####§○..§...###
#.52#...∩°.☼☼.○○.....#
#Z.Z.#######.☼.§☼§.....#
#..Z### #######..#### *
... ** ##~~≈#~ .. ,
#..~#~~~~ *, , ###.~~#~#
* ** * ,#....##### * **
, , ..#..


You could see a reaper, a white imp, an anaconda simulacrum, a death yak
simulacrum, 2 elephant simulacra and a two-headed ogre simulacrum.

Vanquished Creatures
  A vault guard (Bailey)
  An ice dragon (D:11)
  Harold (D:11)
  Pikel (D:8)
  An ugly thing (D:10)
  3 cyclopes
  Maurice (D:10)
  An ice statue (IceCv)
  An unseen horror (D:10)
  A kobold demonologist (D:9)
  4 polar bears (D:11)
  Prince Ribbit (Bailey)
  Sigmund (D:2)
  A shadow (D:11)
  A centaur simulacrum (D:11)
  12 yaks
  Grum (D:11)
  5 humans (Bailey)
  Menkaure (D:7)
  2 water moccasins (D:9)
  Duvessa (D:5)
  2 acid dragons
  9 orc warriors
  5 ice beasts
  3 sky beasts
  A meliai simulacrum (D:11)
  2 black bears
  2 centaurs
  4 wolves (D:11)
  13 bullfrogs
  2 two-headed ogre simulacra (IceCv)
  5 scorpions
  8 wights
  Dowan (D:5)
  4 killer bees (D:9)
  2 howler monkeys
  An electric eel (D:10)
  2 hounds
  5 orc priests
  2 jellies
  An iguana (D:5)
  A sleepcap (D:6)
  Crazy Yiuf (D:3)
  Jessica (D:3)
  Ijyb (D:5)
  Natasha (twice) (D:3)
  Terence (D:2)
  8 orc wizards
  2 spriggan simulacra (IceCv)
  4 troll simulacra (IceCv)
  2 wolf simulacra (IceCv)
  Robin (D:5)
  8 gnolls
  9 adders
  3 naga simulacra (IceCv)
  6 white imps
  7 ufetubi
  3 worms
  36 orcs
  3 ball pythons
  5 endoplasms
  2 giant cockroaches (D:2)
  9 hobgoblins
  5 jackals (D:4)
  12 kobolds
  7 quokkas
  5 bats
  4 frilled lizards
  5 goblins
  4 rats
273 creatures vanquished.

Notes
Turn   | Place    | Note
-------+----------+-------------------------------------------
     0 | D:5      | iguanaiguana the Meteoran Delver began the quest for the
                  | Orb.
     0 | D:5      | Reached XP level 1. HP: 19/19 MP: 2/2
    29 | D:5      | Noticed Duvessa
    29 | D:5      | Noticed Dowan
   156 | D:2      | Reached XP level 2. HP: 25/27 MP: 3/3
   205 | D:2      | Reached XP level 3. HP: 33/33 MP: 4/4
   277 | D:2      | Noticed Sigmund
   693 | D:1      | Reached skill level 1 in Evocations
   838 | D:2      | Reached XP level 4. HP: 41/41 MP: 5/5
  1047 | D:2      | Noticed Terence
  1054 | D:2      | Killed Terence
  1104 | D:2      | Killed Sigmund
  1105 | D:2      | Reached skill level 2 in Short Blades
  1105 | D:2      | Reached XP level 5. HP: 50/50 MP: 6/6
  1105 | D:2      | Reached XP level 6. HP: 57/57 MP: 7/7
  1526 | D:3      | Noticed Jessica
  1530 | D:3      | Killed Jessica
  1531 | D:3      | Reached skill level 3 in Short Blades
  1575 | D:3      | Found a runed translucent door.
  1576 | D:3      | Noticed Crazy Yiuf
  1581 | D:3      | Killed Crazy Yiuf
  1582 | D:3      | Reached XP level 7. HP: 63/63 MP: 8/8
  1625 | D:3      | Noticed Natasha
  1638 | D:3      | Killed Natasha
  1688 | D:3      | Noticed Natasha
  1698 | D:3      | Killed Natasha
  1699 | D:3      | Reached skill level 4 in Short Blades
  2057 | D:4      | Reached skill level 5 in Short Blades
  2259 | D:5      | Reached XP level 8. HP: 60/71 MP: 9/9
  2357 | D:6      | Found a staircase to the Ecumenical Temple.
  2389 | Temple   | Entered the Ecumenical Temple
  2389 | Temple   | Found a transporter.
  2389 | Temple   | Found a transporter.
  2391 | Temple   | Found a transporter.
  2391 | Temple   | Found a transporter.
  2423 | Temple   | Became a worshipper of Warmaster Okawaru
  2521 | D:6      | Reached skill level 1 in Invocations
  2585 | D:6      | Gained mutation: You passively map the area around you.
                  | [Meteoran growth]
  2585 | D:6      | Reached XP level 9. HP: 40/81 MP: 11/13
  2613 | D:6      | Reached * piety under Okawaru
  2614 | D:6      | Reached skill level 5 in Invocations
  2867 | D:6      | Found an ornate altar of the Wu Jian Council.
  3177 | D:5      | Killed Duvessa
  3178 | D:5      | Reached skill level 5 in Dodging
  3180 | D:5      | Killed Dowan
  3302 | D:5      | Noticed Ijyb
  3308 | D:5      | Noticed Robin
  3317 | D:5      | Killed Ijyb
  3318 | D:5      | Killed Robin
  3447 | D:6      | Reached skill level 5 in Long Blades
  3459 | D:7      | Noticed Menkaure
  3463 | D:7      | Killed Menkaure
  3560 | D:7      | Reached ** piety under Okawaru
  3643 | D:8      | Reached XP level 10. HP: 82/88 MP: 14/14
  3681 | D:8      | Noticed Pikel
  3713 | D:8      | Reached skill level 6 in Short Blades
  3722 | D:8      | Killed Pikel
  3723 | D:8      | Reached skill level 7 in Short Blades
  3923 | D:8      | Reached skill level 8 in Short Blades
  3993 | D:9      | Reached skill level 9 in Short Blades
  4143 | D:9      | Reached skill level 1 in Throwing
  4206 | D:9      | Reached *** piety under Okawaru
  4238 | D:9      | Found a broken altar of Ashenzari.
  4306 | D:9      | Noticed a kobold demonologist
  4309 | D:9      | Found a staircase to the Lair.
  4330 | D:9      | Noticed a sixfirhy
  4340 | D:9      | Killed a kobold demonologist
  4341 | D:9      | Reached skill level 5 in Throwing
  4341 | D:9      | Reached XP level 11. HP: 20/94 MP: 15/15
  4375 | D:9      | Found a flagged portal.
  4384 | Bailey   | Entered a bailey
  4431 | Bailey   | Reached skill level 10 in Short Blades
  4451 | Bailey   | Reached **** piety under Okawaru
  4507 | Bailey   | Reached skill level 11 in Short Blades
  4526 | Bailey   | Noticed Prince Ribbit
  4527 | Bailey   | Noticed a vault guard
  4538 | Bailey   | Killed Prince Ribbit
  4543 | Bailey   | HP: 1/94 [vault guard/+0 broad axe (23)]
  4548 | Bailey   | Killed a vault guard
  4548 | Bailey   | Received a gift from Okawaru
  4549 | Bailey   | Reached skill level 12 in Short Blades
  4589 | Bailey   | Noticed a vault guard
  4914 | D:10     | Entered Level 10 of the Dungeon
  5078 | D:10     | Noticed Maurice
  5125 | D:10     | Killed Maurice
  5139 | D:10     | Noticed a cyclops
  5157 | D:10     | Killed a cyclops
  5157 | D:10     | Reached ***** piety under Okawaru
  5158 | D:10     | Reached skill level 13 in Short Blades
  5257 | D:10     | Found a staircase to the Orcish Mines.
  5286 | D:10     | Noticed a red ugly thing
  5303 | D:10     | Killed a red ugly thing
  5371 | D:10     | Reached XP level 12. HP: 74/101 MP: 17/17
  5465 | D:11     | Received a gift from Okawaru
  5537 | D:11     | Noticed Harold
  5542 | D:11     | Killed Harold
  5548 | D:11     | Noticed Grum
  5560 | D:11     | Killed Grum
  5561 | D:11     | Reached skill level 10 in Invocations
  5580 | D:11     | Received a gift from Okawaru
  5700 | D:11     | Found a frozen archway.
  5701 | D:11     | Noticed an ice dragon
  5730 | D:11     | Killed an ice dragon
  5730 | D:11     | Received a gift from Okawaru
  5758 | IceCv    | Entered an ice cave
  5977 | IceCv    | Noticed a reaper
  5985 | IceCv    | Slain by a reaper

Illustrated notes

Levels and vault maps discovered:
D:1:      lightli_arrival_statuegarden, layout_basic
D:2:      layout_basic, serial_co_window_serial, co_window_cross_1,
          co_window_paths_a, co_window_of_opportunity_a, co_window_paths_a,
          co_window_paths_b, co_window_unsneaky_path_b, co_window_2corner,
          co_window_paths_c, co_window_broadway_a, co_window_2corner,
          co_window_sun, co_window_4corner_a, minmay_pentomino_w2, uniq_sigmund,
          uniq_terence
D:3:      layout_basic, uniq_jessica, uniq_crazy_yiuf_cottage, uniq_natasha
D:4:      layout_layer_cave, chequers_serial_rivers_large_b, nicolae_titane
D:5:      layout_rooms, nicolae_goblin_pals, uniq_duvessa
D:6:      layout_basic, mainiacjoe_overflow_swirl, temple_fountains
D:7:      layout_cave_pods, uniq_menkaure, uniq_maggie
D:8:      layout_loops_ring, uniq_pikel
D:9:      layout_grid_maze, mainiacjoe_overflow_small_starburst,
          grunt_lair_entry_orc_guard_hut, enter_bailey_8
D:10:     hellmonk_ruined_rings, layout_basic, orc_0_dummy, uniq_maurice
D:11:     layout_long_grid, serial_ice, serial_ice_f, serial_ice_o,
          serial_ice_a, serial_ice_n, serial_ice_h, serial_ice_j,
          portal_ice_cave_entry_animals_and_master, nicolae_lava_and_water,
          uniq_grum, uniq_harold
Temple:   hellmonk_temple_divided_pantheon
IceCv:    ice_cave_caverns_03

Skill      XL: |  1  2  3  4  5  6  7  8  9 10 11 12 |
---------------+-------------------------------------+-----
Fighting       | 4 6 8 9 |  9.2
Evocations     | 1 3 |  3.0
Short Blades   | 2 3 5 9 13 | 13.0
Invocations    | 4 5 6 12 | 12.0
Dodging        | 6 |  6.0
Long Blades    | 7 |  7.9
Throwing       | 5 6 |  6.1
Armour         | |  0.2
Stealth        | |  3.7

Action                     |  1- 3 |  4- 6 |  7- 9 | 10-12 || total
---------------------------+-------+-------+-------+-------++-------
  Melee: Falchion          |    97 |    14 |       |       ||   111
         Dagger            |       |    24 |       |       ||    24
         Rapier            |       |    54 |   200 |       ||   254
         Punch             |       |     1 |     7 |     2 ||    10
         Scimitar          |       |       |   147 |    30 ||   177
         Great sword       |       |       |       |   409 ||   409
  Throw: Boomerang         |       |       |       |    55 ||    55
         Javelin           |       |       |       |     8 ||     8
 Invoke: Heroism           |       |       |     1 |     4 ||     5
         Finesse           |       |       |       |     1 ||     1
  Evoke: Wand              |       |     4 |       |    29 ||    33
    Use: Scroll            |     2 |       |    10 |     9 ||    21
         Potion            |       |       |     2 |     6 ||     8
   Stab: Paralysed         |       |     7 |       |       ||     7
         Invisible         |       |       |       |     1 ||     1
         Sleeping          |       |       |       |     1 ||     1
 Armour: Leather armour    |     6 |       |    40 |    85 ||   131
         Chain mail        |    37 |    23 |    70 |    18 ||   148
         Plate armour      |       |     2 |       |       ||     2
  Dodge: Dodged            |    70 |    50 |   224 |   400 ||   744
  Block: Other             |       |       |    62 |   117 ||   179
         Reflection        |       |       |       |     1 ||     1

Table legend: (Time is in decaauts)
 A = Elapsed time spent in this place.
 B = Non-inter-level travel time spent in this place.
 C = Inter-level travel time spent in this place.
 D = Time resting spent in this place.
 E = Time spent auto-exploring this place.
 F = Levels seen in this place.
 G = Mean time per level.
                   A        B        C        D        E       F      G
               +--------+--------+--------+--------+--------+-----+--------+
         Total |   6017 |   5304 |    713 |      0 |     56 |  14 |  429.8 |
       Dungeon |   5511 |   4798 |    713 |      0 |     56 |  11 |  501.0 |
        Temple |     50 |     50 |      0 |      0 |      0 |   1 |   50.0 |
        Bailey |    222 |    222 |      0 |      0 |      0 |   1 |  222.0 |
      Ice Cave |    234 |    234 |      0 |      0 |      0 |   1 |  234.0 |
               +--------+--------+--------+--------+--------+-----+--------+

Top non-repeatable levels by time:
     D:9: 867 daAuts
     D:6: 819 daAuts
     D:2: 745 daAuts
     D:3: 628 daAuts
     D:4: 442 daAuts
     D:5: 396 daAuts
     D:1: 393 daAuts
     D:8: 370 daAuts
    D:10: 359 daAuts
    D:11: 356 daAuts
   IceCv: 234 daAuts
  Bailey: 222 daAuts
     D:7: 130 daAuts
  Temple: 50 daAuts
